AoeStats
← PepePompinn4300

Marketplace

506363487Analyzed
1v1 RM · 19d ago on Sep 13, 2026· 35m 55s· 2 players
Game mode
Random Map
Map size
Tiny (2 player)
Population
200
Speed
Normal
Resources
Standard
Victory
Conquest
Starting age
Dark Age
Ending age
Imperial Age
RankedLock teamsTeams togetherTeam positionsShared explorationLock speedFull tech treeHidden civsTurbo modeCheats
Victory
Defeat
🇦🇷 Mongols · Argentina
1401
+32
🇦🇺 Inca · Australia
1376
-15
JuanWicko
7:07 Loom
9:32 Feudal Age
12:37 Horse Collar
12:46 Double-Bit Axe
12:45 Horse Collar
14:24 Town Watch
18:20 Fletching
20:05 Wheelbarrow
24:44 Castle Age
25:55 Heavy Plow
26:07 Bow Saw
31:11 Bodkin Arrow
PepePompinn4300
6:26 Loom
8:32 Feudal Age
8:12 Loom
9:08 Double-Bit Axe
9:16 Horse Collar
17:51 Fletching
21:29 Castle Age
20:05 Padded Archer Armor
21:36 Crossbowman
22:12 Bodkin Arrow
23:09 Bow Saw
25:00 Heavy Plow
27:04 Gold Mining
27:54 Wheelbarrow
28:07 Stone Mining
30:01 Stone Shaft Mining
33:00 Leather Archer Armor
Connection lost

Rejoining the realm…

Still unreachable

The connection could not be restored.

Session expired

The server has moved on; the page needs a fresh start.